 Dungeon Crawl Stone Soup version 0.30-a0-702-gdf48620a09 (webtiles) character file.

Game seed: 18009871459127417734

40622 wormed the Covert (level 13, -1/103 HPs)
             Began as a Demonspawn Fire Elementalist on Jan 21, 2023.
             Was an Elder of Vehumet.
             Slain by a black mamba (9 damage)
             ... on level 4 of the Lair of Beasts.
             The game lasted 00:37:17 (23571 turns).

wormed the Covert (Demonspawn Fire Elementalist)   Turns: 23571, Time: 00:37:18

Health: -1/103     AC: 13    Str:  9    XL:     13   Next: 75%
Magic:  14/26      EV: 20    Int: 22    God:    Vehumet [****..]
Gold:   977        SH:  0    Dex: 13    Spells: 21/31 levels left

rFire   + . .      SeeInvis .    i - +2 dagger (freeze)
rCold   x . .      Faith    .    (no shield)
rNeg    . . .      Spirit   .    p - +1 leather armour
rPois   .          Reflect  .    (helmet restricted)
rElec   .          Harm     .    A - +0 cloak
rCorr   .          Rampage  ∞    I - +0 pair of gloves
Will    .....                    O - +3 pair of seven-league boots {Rampage+∞}
Stlth   ++++                     J - amulet of magic regeneration
HPRegen 0.37/turn                w - +5 ring of evasion
MPRegen 0.60/turn                v - ring of fire

@: lethally poisoned (-1 -> -65)
A: horns 2, slimy green scales 2, ignite blood 3
a: Renounce Religion


You were on level 4 of the Lair of Beasts.
You worshipped Vehumet.
Vehumet was greatly pleased with you.
You visited 3 branches of the dungeon, and saw 18 of its levels.

You collected 977 gold pieces.

Inventory:

Hand Weapons
 i - a +2 dagger of freezing (weapon)
Armour
 p - a +1 leather armour (worn)
 A - a +0 cloak (worn)
 H - a +0 pair of boots
 I - a +0 pair of gloves (worn)
 O - the +3 pair of seven-league boots (worn) {Rampage+∞}
   (You found it on level 1 of the Lair of Beasts)

   Rampage+∞: When moving toward enemies, its wearer moves as far as possible.
Jewellery
 a - a ring of flight
 j - an amulet of regeneration
 m - a ring of resist corrosion
 s - a ring of willpower
 v - a ring of fire (right hand)
 w - a +5 ring of evasion (left hand)
 y - a ring of ice
 J - an amulet of magic regeneration (around neck)
 P - a +6 ring of dexterity
 S - a ring of magical power
 U - a ring of fire
Wands
 q - a wand of iceblast (20)
 u - a wand of charming (18)
 C - a wand of flame (6)
 R - a wand of digging (8)
 T - a wand of polymorph (3)
Scrolls
 d - 4 scrolls of fog
 e - a scroll of brand weapon
 h - 4 scrolls of teleportation
 o - 3 scrolls of enchant armour
 z - 4 scrolls of magic mapping
 B - 3 scrolls of fear
 E - 8 scrolls of amnesia
 K - 2 scrolls of enchant weapon
 M - 4 scrolls of silence
 N - a scroll of summoning
 W - a scroll of identify
Potions
 b - 4 potions of magic
 c - 4 potions of mutation
 f - a potion of brilliance
 g - 2 potions of flight
 k - a potion of resistance
 l - 11 potions of curing
 n - 3 potions of haste
 r - a potion of heal wounds
 t - 2 potions of cancellation
 x - 4 potions of attraction {unknown}
 D - 3 potions of might
 F - a potion of lignification
 G - 4 potions of invisibility {unknown}
 V - 3 potions of ambrosia


   Skills:
 + Level 10.1 Fighting
 + Level 9.3 Dodging
 + Level 10.1 Stealth
 + Level 9.5 Spellcasting
 + Level 10.1 Conjurations
 + Level 9.6 Fire Magic


You had 21 spell levels left.
You knew the following spells:

 Your Spells              Type           Power      Damage    Failure   Level
a - Foxfire               Conj/Fire      100%       2x1d9     1%          1
b - Scorch                Fire           100%       2d10      1%          2
c - Inner Flame           Hex/Fire       47%        N/A       1%          3
d - Flame Wave            Conj/Fire      69%        2d16      1%          4

Your spell library contained the following spells:

 Spells                   Type           Power      Damage    Failure   Level
 Olgreb's Toxic Radiance  Pois           10%        N/A       22%         4
 Magic Dart               Conj           100%       1d8       1%          1
 Momentum Strike          Conj/Tloc      64%        3d9       1%          2
 Searing Ray              Conj           100%       2d8       1%          2
 Kindle Blastsparks       Fire/Tloc/Air  74%        2d16      1%          3
 Mephitic Cloud           Conj/Pois/Air  25%        N/A       1%          3
 Stone Arrow              Conj/Erth      64%        3d11      1%          3
 Fulminant Prism          Conj/Hex       16%        3d10      3%          4
 Poisonous Vapours        Pois/Air       20%        N/A       4%          2
 Slow                     Hex            40%        N/A       9%          1
 Summon Small Mammal      Summ           40%        N/A       9%          1
 Blink                    Tloc           20%        N/A       14%         2
 Call Imp                 Summ           10%        N/A       14%         2
 Cigotuvi's Dreadful Rot  Necr/Pois/Air  20%        N/A       14%         2
 Ensorcelled Hibernation  Hex/Ice        20%        N/A       14%         2
 Lesser Beckoning         Tloc           20%        N/A       14%         2
 Call Canine Familiar     Summ           10%        N/A       26%         3
 Portal Projectile        Hex/Tloc       20%        N/A       26%         3
 Summon Guardian Golem    Hex/Summ       10%        N/A       26%         3
 Iron Shot                Conj/Erth      16%        9d4       38%         6
 Animate Armour           Summ/Erth      20%        N/A       65%         4
 Blade Hands              Tmut           5%         N/A       94%         5
 Lehudib's Crystal Spear  Conj/Erth      16%        10d5      100%        8


Dungeon Overview and Level Annotations

Branches:
Dungeon (12/15)            Temple (1/1) D:6            Lair (5/5) D:8
  Swamp (0/4) Lair:3        Snake (0/4) Lair:3        Slime (0/5) Lair:4
    Orc: D:9-12

Altars:
Ashenzari
Cheibriados
Dithmenos
Fedhas
Gozag
Hepliaklqana
Kikubaaqudgha
Makhleb
Nemelex Xobeh
Okawaru
Qazlal
Ru
Sif Muna
Trog
Uskayaw
Vehumet
Wu Jian
Xom
Yredelemnul

Shops:
D:7 [   D:8 **

Annotations:
Lair:4 1 transporter


Innate Abilities, Weirdness & Mutations

You have a pair of horns on your head.
You are mostly covered in slimy green scales. (AC +3)
Your demonic aura causes all spilled blood to erupt in flames.


Message History

Aim: a cane toad (poison gas, chance to affect: 92%)
You feel a surge of power!
The cane toad is filled with an inner flame.
You are engulfed in poison gas.
You are more poisoned.
You feel extremely sick. The black mamba closely misses you.
The cane toad stings you! The cane toad completely misses you.
The cane toad barely misses you. The swamp dragon closely misses you.
The swamp dragon claws you.
* * * LOW HITPOINT WARNING * * *
The swamp dragon closely misses you.
Casting: Inner Flame (safe; 1% risk of failure)
Confirm with . or Enter, or press ? or * to list all spells.
Casting: Flame Wave (safe; 1% risk of failure)
Press: ? - help, Dir - look around, f - activate You feel a surge of power!
A wave of flame ripples out!
The flame wave engulfs the cane toad!
Flame seeps out of the cane toad.
The cane toad is heavily wounded.
The flame wave engulfs the black mamba!!
The black mamba is burned terribly!
The black mamba is severely wounded.
The flame wave engulfs the cane toad!
Flame seeps out of the cane toad.
The cane toad is moderately wounded.
The flame wave engulfs the cane toad.
Flame seeps out of the cane toad.
The cane toad is lightly wounded.
The flame wave engulfs the swamp dragon!
The swamp dragon is lightly wounded. (Press . to intensify the flame waves.)
You are engulfed in poison gas.
You are more poisoned.
* * * LOW HITPOINT WARNING * * *
You feel extremely sick.
The black mamba is no longer more vulnerable to fire.
The black mamba closely misses you.
The cane toad stings you but does no damage.
The cane toad closely misses you. The cane toad stings you.
* * * LOW HITPOINT WARNING * * *
You are more poisoned.
The cane toad poisons you! The black mamba bites you!
You die...

...#.####### #....### # ....###
#.#....# ......# #...©..# ...#..#
########### ...#.##
#####☼○○(©?○°○#
.###.#####..##○°°)[[°○○# ####
.###.##......#°°°☼○○°°○# ##...
.##..###...###○FFF°°○○○# #....
.###.##..#..P#☼○@SD☼○°☼# ##.#.
..#..##......####D☼○#### #....
.#...###......#○°..(○○# #####..#.
.#....#....##.#○°#.#°☼###........
.#............#○.....○##P.~..~.#.
..............#.○#©#○.##..~......
...P.#.....P#.#○°..○°°##~~~~~....
.....##...P####°..○☼.☼###........
...#.#.#.>## #############.#..##


You could see 2 swamp dragons, a black mamba and 3 cane toads.

Vanquished Creatures
  Snorg (Lair:3)
  A fire dragon (Lair:5)
  5 hydras
  2 two-headed ogres (D:10)
  Erica (D:8)
  3 boulder beetles (Lair:1)
  A death yak (Lair:5)
  A swamp dragon (Lair:5)
  A deep elf pyromancer (D:8)
  3 cyclopes
  8 elephants
  An ugly thing (D:11)
  A guardian serpent (Lair:1)
  7 black mambas
  A moth of wrath (D:4)
  4 torpor snails
  Maggie (D:7)
  Joseph (D:8)
  Maurice (D:11)
  2 kobold demonologists (D:11)
  7 cane toads
  2 komodo dragons
  2 rime drakes (Lair:5)
  A queen bee (Lair:4)
  4 polar bears
  3 meliai (Lair:4)
  2 trolls (D:10)
  A hornet (D:9)
  A tyrant leech (Lair:3)
  2 dream sheep (Lair:2)
  Grinder (D:3)
  3 blink frogs (Lair:5)
  6 wyverns
  31 yaks
  Grum (D:11)
  2 basilisks (Lair:5)
  2 steam dragons
  2 swamp worms (Lair:3)
  14 water moccasins
  2 acid dragons
  Duvessa (D:6)
  2 swamp drakes (Lair:5)
  An orc warrior (D:8)
  A black bear (D:6)
  An ice beast (D:6)
  2 ogres (D:5)
  12 wolves
  2 centaurs
  3 phantoms
  13 bullfrogs
  3 kobold brigands
  A necrophage (D:6)
  2 scorpions
  20 wights
  Dowan (D:6)
  29 killer bees
  The ghost of ctx the Digger, a weakling GnEE (D:3)
  3 howler monkeys
  Crazy Yiuf (D:3)
  4 hounds
  3 jellies
  2 orc priests (D:7)
  Jessica (D:3)
  10 iguanas
  Terence (D:3)
  10 orc wizards
  5 hell rats (D:8)
  Robin (D:3)
  6 gnolls
  5 adders
  A hound simulacrum (D:3)
  7 river rats (D:8)
  2 ufetubi
  3 worms
  2 dart slugs
  2 adder simulacra (D:3)
  32 orcs
  9 ball pythons
  4 bats
  10 endoplasms
  3 giant cockroaches
  18 goblins
  7 hobgoblins
  3 jackals (D:1)
  4 quokkas
  15 kobolds
  A quokka simulacrum (D:3)
  23 rats
  A bush (Lair:3)
429 creatures vanquished.

Vanquished Creatures (collateral kills)
  7 foxfires
7 creatures vanquished.

Vanquished Creatures (others)
  A human (D:4)
  848 foxfires
  22 fungi
  35 plants
906 creatures vanquished.

Grand Total: 1342 creatures vanquished

Notes
Turn   | Place    | Note
-------+----------+-------------------------------------------
     0 | D:1      | wormed the Demonspawn Fire Elementalist began the quest for
                  | the Orb.
     0 | D:1      | Reached XP level 1. HP: 13/13 MP: 3/3
   435 | D:1      | Gained mutation: You are partially covered in slimy green
                  | scales. (AC +2) [demonic ancestry]
   435 | D:1      | Reached XP level 2. HP: 20/20 MP: 1/5
   455 | D:1      | Learned a level 2 spell: Scorch
   860 | D:1      | Found a faded altar of an unknown god.
  1223 | D:2      | Reached skill level 1 in Fighting
  1225 | D:2      | Gained mutation: You have a pair of small horns on your
                  | head. [demonic ancestry]
  1225 | D:2      | Reached XP level 3. HP: 26/26 MP: 0/6
  2156 | D:2      | Reached XP level 4. HP: 32/32 MP: 2/7
  2323 | D:2      | Learned a level 3 spell: Inner Flame
  2610 | D:3      | Noticed ctx's ghost (weakling GnEE)
  2657 | D:3      | Found a faded altar of an unknown god.
  2938 | D:3      | Noticed Robin
  2941 | D:3      | Noticed Grinder
  3015 | D:3      | Killed Robin
  3109 | D:3      | Noticed Jessica
  3112 | D:3      | Paralysed by Grinder for 5 turns
  3309 | D:4      | Found a sacrificial altar of Ru.
  3363 | D:4      | Found an ancient bone altar of Kikubaaqudgha.
  3363 | D:4      | Noticed a human
  3367 | D:4      | Killed a human
  3601 | D:4      | Reached XP level 5. HP: 38/38 MP: 0/8
  3850 | D:4      | Noticed a phantom
  3873 | D:4      | Killed a phantom
  4315 | D:4      | Gained mutation: Your demonic aura sometimes causes spilled
                  | blood to erupt in flames. [demonic ancestry]
  4315 | D:4      | Reached XP level 6. HP: 44/44 MP: 3/10
  4638 | D:4      | Noticed a moth of wrath
  4641 | D:4      | Found a bloodstained altar of Trog.
  4944 | D:4      | Killed a moth of wrath
  4945 | D:4      | Reached XP level 7. HP: 52/52 MP: 4/12
  5026 | D:5      | Entered Level 5 of the Dungeon
  5034 | D:5      | Found an opulent altar of Gozag.
  5138 | D:5      | Found a shadowy altar of Dithmenos.
  5716 | D:5      | Gained mutation: You are mostly covered in slimy green
                  | scales. (AC +3) [demonic ancestry]
  5716 | D:5      | Reached XP level 8. HP: 59/59 MP: 7/13
  6068 | D:5      | Found a sparkling altar of Nemelex Xobeh.
  6318 | D:5      | Found a snail-covered altar of Cheibriados.
  6564 | D:6      | Found a staircase to the Ecumenical Temple.
  6738 | D:6      | Noticed an angel
  6755 | D:6      | Noticed Duvessa
  6763 | D:6      | Killed Duvessa
  6767 | D:6      | Noticed Dowan
  6781 | D:6      | Killed Dowan
  7395 | Temple   | Entered the Ecumenical Temple
  7404 | Temple   | Became a worshipper of Vehumet
  7631 | D:3      | Found a runed translucent door.
  7632 | D:3      | Noticed Crazy Yiuf
  7763 | D:3      | Found an ornate altar of the Wu Jian Council.
  7799 | D:3      | Found a runed translucent gate.
  7799 | D:3      | Found a runed translucent gate.
  7799 | D:3      | Found a runed translucent gate.
  7854 | D:3      | Killed Jessica
  7862 | D:3      | Killed Grinder
  7863 | D:3      | Reached skill level 5 in Fire Magic
  7977 | D:3      | Noticed Terence
  8005 | D:3      | Killed Terence
  8304 | D:3      | Killed ctx's ghost
  8305 | D:3      | Reached skill level 5 in Stealth
  8572 | D:3      | Killed Crazy Yiuf
  8833 | D:7      | Gained mutation: Your demonic aura often causes spilled
                  | blood to erupt in flames. [demonic ancestry]
  8833 | D:7      | Reached XP level 9. HP: 66/66 MP: 8/16
  9307 | D:7      | Reached skill level 5 in Conjurations
  9457 | D:7      | Found a burning altar of Makhleb.
  9483 | D:7      | Noticed Maggie
  9491 | D:7      | Killed Maggie
  9492 | D:7      | Reached skill level 5 in Fighting
  9492 | D:7      | Reached skill level 5 in Spellcasting
  9931 | D:7      | Reached skill level 5 in Dodging
 10194 | D:7      | Found Diecly's Armour Shop.
 10257 | D:8      | Noticed Joseph
 10263 | D:8      | Killed Joseph
 10407 | D:8      | Got the Vademecum on Ensorcelling
 10464 | D:8      | Reached * piety under Vehumet
 10464 | D:8      | Offered knowledge of Sandblast by Vehumet.
 10578 | D:8      | Found a staircase to the Lair.
 11355 | D:8      | Noticed Erica
 11360 | D:8      | Killed Erica
 11361 | D:8      | Reached XP level 10. HP: 48/76 MP: 5/18
 11483 | D:8      | Found Gaul's Specific Store.
 11486 | D:8      | Found Nuozooh's General Store.
 11559 | D:8      | Found a blossoming altar of Fedhas.
 11758 | D:8      | Found a shimmering blue altar of Sif Muna.
 12129 | D:8      | Noticed a deep elf pyromancer
 12136 | D:8      | Killed a deep elf pyromancer
 12788 | D:9      | Offered knowledge of Freeze by Vehumet.
 12790 | D:9      | Reached ** piety under Vehumet
 13331 | D:9      | Paralysed by a hornet for 3 turns
 13668 | D:9      | Found a broken altar of Ashenzari.
 13811 | D:10     | Entered Level 10 of the Dungeon
 14111 | D:10     | Offered knowledge of Ignite Poison by Vehumet.
 14147 | D:10     | Noticed a two-headed ogre
 14155 | D:10     | Killed a two-headed ogre
 14156 | D:10     | Gained mutation: You have a pair of horns on your head.
                  | [demonic ancestry]
 14156 | D:10     | Reached XP level 11. HP: 55/84 MP: 16/21
 14257 | D:10     | Noticed a two-headed ogre
 14273 | D:10     | Killed a two-headed ogre
 14354 | D:10     | Reached *** piety under Vehumet
 15065 | D:11     | Noticed Maurice
 15071 | D:11     | Killed Maurice
 15155 | D:11     | Noticed a sun demon
 15224 | D:11     | Noticed Grum
 15235 | D:11     | Killed Grum
 15450 | D:11     | Noticed a soul eater
 15895 | D:11     | Noticed a brown ugly thing
 15904 | D:11     | Killed a brown ugly thing
 16404 | D:12     | Noticed a skeletal warrior
 16404 | D:12     | Noticed a skeletal warrior
 16404 | D:12     | Noticed a skeletal warrior
 16404 | D:12     | Noticed a skeletal warrior
 16508 | Lair:1   | Entered Level 1 of the Lair of Beasts
 16712 | Lair:1   | Learned a level 4 spell: Flame Wave
 16719 | Lair:1   | Noticed a boulder beetle
 16744 | Lair:1   | Killed a boulder beetle
 16980 | Lair:1   | Noticed a boulder beetle
 17000 | Lair:1   | Killed a boulder beetle
 17363 | Lair:1   | Found the +3 pair of seven-league boots {Rampage+∞}
 17407 | Lair:1   | Noticed a boulder beetle
 17418 | Lair:1   | Killed a boulder beetle
 17419 | Lair:1   | Reached XP level 12. HP: 81/93 MP: 4/23
 17956 | Lair:2   | Offered knowledge of Sticky Flame by Vehumet.
 18151 | Lair:2   | Identified the +1 plate armour "Teintula" {*Corrode rC+
                  | Regen+}
 18705 | Lair:3   | Reached **** piety under Vehumet
 18794 | Lair:3   | Noticed a five-headed hydra
 18798 | Lair:3   | Killed a five-headed hydra
 18957 | Lair:3   | Noticed Snorg
 19143 | Lair:3   | Killed Snorg
 19239 | Lair:3   | Offered knowledge of Yara's Violent Unravelling by Vehumet.
 19278 | Lair:3   | Noticed an eight-headed hydra
 19285 | Lair:3   | Killed an eight-headed hydra
 19294 | Lair:3   | Found a staircase to the Swamp.
 19542 | Lair:3   | Found a staircase to the Snake Pit.
 19963 | Lair:4   | Found a staircase to the Slime Pits.
 20036 | Lair:4   | Gained mutation: Your demonic aura causes all spilled blood
                  | to erupt in flames. [demonic ancestry]
 20036 | Lair:4   | Reached XP level 13. HP: 34/101 MP: 8/25
 20717 | Lair:4   | Found a transporter.
 21168 | Lair:4   | Found a transporter.
 21262 | Lair:5   | Entered Level 5 of the Lair of Beasts
 21560 | Lair:5   | Reached ***** piety under Vehumet
 21995 | Lair:5   | Offered knowledge of Olgreb's Toxic Radiance by Vehumet.
 22336 | Lair:5   | Reached skill level 10 in Stealth
 22470 | Lair:5   | Identified the +1 trident of Experimentation {vamp, Drain
                  | rPois rC+++ Dex-2}
 22626 | Lair:5   | Reached skill level 10 in Conjurations
 22628 | Lair:5   | Noticed a fire dragon
 22796 | Lair:5   | Reached skill level 10 in Fighting
 23323 | Lair:5   | Killed a fire dragon
 23571 | Lair:4   | Slain by a black mamba

Illustrated notes

Levels and vault maps discovered:
D:1:      dpeg_arrival_fog, layout_basic, hellmonk_ecumenical_altar_lost_god
D:2:      layout_basic, serial_curves, eino_curves_04, eino_curves_02
D:3:      layout_loops_ring, nicolae_overflow_ecumenical_swirl,
          gammafunk_ghost_icy, minmay_unequal, uniq_crazy_yiuf_cottage,
          uniq_robin, uniq_terence, uniq_jessica, uniq_grinder
D:4:      corexii_shack_village, layout_loops_ring, tgw_kikubaaqudgha,
          nicolae_ru_sacrificial_ziggurat, tgw_trog, kennysheep_generic_room_10
D:5:      layout_basic, mainiacjoe_overflow_chevrons,
          nemelex_spade_bored_becter, chei_slow_surprise,
          nicolae_gozag_cash_rules_everything_around_me
D:6:      layout_rooms, zin_angel, minmay_temple_entry_large_hall, uniq_duvessa
D:7:      layout_loops_ring, mainiacjoe_overflow_six_doors_small, serial_shops,
          nicolae_lakefront_shop, uniq_maggie
D:8:      lemuel_ratsnest, layout_loops_cross,
          mainiacjoe_overflow_small_starburst, lair_entry_dummy,
          hangedman_feature_mirror, nicolae_specific_store,
          guppyfry_early_elven_hall, uniq_joseph, uniq_erica
D:9:      layout_cave_pools, mainiacjoe_overflow_alcove_1, serial_column_ruins,
          column_ruins_hut, column_ruins_circle_medium, column_ruins_open_small,
          column_ruins_open_tiny, column_ruins_open_tiny,
          column_ruins_open_tiny, column_ruins_grid_1, column_ruins_grid_2,
          column_ruins_corridor_corner, chequers_serial_rivers_micro_a
D:10:     layout_gridville, grunt_ministairs_10
D:11:     layout_rooms, uniq_maurice, uniq_grum
D:12:     layout_roguey, erik_orc_1, serial_shops, nicolae_shop_window_shopping,
          onia_ninara_cookie
Temple:   eino_temple_lava
Lair:1:   layout_chaotic_city, serial_bayou_pond_d,
          hellmonk_guarded_unrand_seven_league_boots, serial_bayou_shore_b
Lair:2:   layout_hall_layers, infiniplex_staircase_pool, lemuel_fruit_tree,
          grunt_megastairs_3
Lair:3:   layout_cave_shapes, minmay_swamp_entry_worms,
          minmay_snake_entry_six_corridors, grunt_megastairs_5, uniq_snorg
Lair:4:   gammafunk_cloud_chamber, layout_loops_ring, dpeg_slime_entry_enclosed,
          special_room [special_room_bee], chequers_serial_rivers_micro_c
Lair:5:   guppyfry_lair_end_dragon, layout_regular_city,
          grunt_forest_small_clearing_treed

Skill      XL: |  1  2  3  4  5  6  7  8  9 10 11 12 13 |
---------------+----------------------------------------+-----
Dodging        | 2 3 4 5 6 7 8 9 |  9.3
Stealth        | 2 3 4 5 6 7 8 9 10 | 10.1
Fighting       | 1 2 3 4 6 7 8 9 10 | 10.1
Fire Magic     | 3 4 5 6 7 8 9 |  9.6
Conjurations   | 2 3 4 6 7 8 9 10 | 10.1
Spellcasting   | 3 4 5 6 7 8 9 |  9.5

Action                   |  1- 3 |  4- 6 |  7- 9 | 10-12 | 13-15 || total
-------------------------+-------+-------+-------+-------+-------++-------
Melee: Short sword       |    10 |       |       |       |       ||    10
       Unarmed           |     7 |       |       |       |       ||     7
       Dagger            |    18 |    63 |    23 |    57 |    12 ||   173
       Headbutt          |     3 |    10 |     6 |    14 |     5 ||    38
       Punch             |       |       |     1 |     1 |       ||     2
 Cast: Foxfire           |    79 |    18 |    72 |   223 |    97 ||   489
       Scorch            |     4 |    58 |    72 |    91 |    75 ||   300
       Inner Flame       |       |       |    67 |   176 |    73 ||   316
       Flame Wave        |       |       |       |    10 |     7 ||    17
Evoke: Wand              |       |     2 |     2 |     3 |    13 ||    20
  Use: Scroll            |       |       |    13 |     9 |     2 ||    24
       Potion            |       |       |     1 |     1 |     6 ||     8
Armor: Robe              |    18 |       |       |       |       ||    18
       Leather armour    |       |    20 |    17 |    76 |    44 ||   157
Dodge: Dodged            |    40 |    64 |    71 |   250 |   125 ||   550

Table legend: (Time is in decaauts)
 A = Elapsed time spent in this place.
 B = Non-inter-level travel time spent in this place.
 C = Inter-level travel time spent in this place.
 D = Time resting spent in this place.
 E = Time spent auto-exploring this place.
 F = Levels seen in this place.
 G = Mean time per level.
                   A        B        C        D        E       F      G
               +--------+--------+--------+--------+--------+-----+--------+
         Total |  23662 |  22582 |   1080 |    260 |  18752 |  18 | 1314.6 |
       Dungeon |  16527 |  15795 |    732 |    260 |  13113 |  12 | 1377.2 |
        Temple |     16 |     10 |      6 |      0 |      0 |   1 |   16.0 |
          Lair |   7118 |   6776 |    342 |      0 |   5639 |   5 | 1423.6 |
               +--------+--------+--------+--------+--------+-----+--------+

Top non-repeatable levels by time:
     D:8: 2275 daAuts
     D:3: 2055 daAuts
  Lair:5: 1963 daAuts
     D:4: 1895 daAuts
     D:7: 1792 daAuts
    D:10: 1695 daAuts
     D:5: 1687 daAuts
  Lair:4: 1537 daAuts
  Lair:3: 1260 daAuts
  Lair:1: 1236 daAuts
     D:1: 1219 daAuts
     D:2: 1203 daAuts
  Lair:2: 1120 daAuts
     D:9: 955 daAuts
    D:11: 808 daAuts
